 Dungeon Crawl Stone Soup version 0.29-a0-598-gd8304a5bf4 (webtiles) character file.

Game seed: 11714454378443518268

4 happo123 the Ruffian (level 1, 0/18 HPs)
             Began as a Troll Transmuter on June 15, 2022.
             Slain by a goblin
             ... wielding a +0 club
              (3 damage)
             ... on level 1 of the Dungeon.
             The game lasted 00:00:37 (104 turns).

happo123 the Ruffian (Troll Transmuter)              Turns: 104, Time: 00:00:38

Health: 0/18       AC:  4    Str: 17    XL:     1   Next: 58%
Magic:  1/1        EV:  9    Int:  9    God:
Gold:   0          SH:  0    Dex: 10    Spells: 1/2 levels left

rFire   . . .      SeeInvis .     - Unarmed
rCold   . . .      Faith    .   (no shield)
rNeg    . . .      Spirit   .   a - +0 robe
rPois   .          Reflect  .   (helmet restricted)
rElec   .          Harm     .   (no cloak)
rCorr   .          Rampage  .   (gloves unavailable)
Will    .....                   (boots unavailable)
Stlth   +.........              (no amulet)
HPRegen 0.86/turn               (no ring)
MPRegen 0.07/turn               (no ring)

@: no status effects
A: large, unfitting armour, claws 3, regeneration 1, shaggy fur 1, tough skin 1
a: no special abilities


You were on level 1 of the Dungeon.
You visited 1 branch of the dungeon, and saw 1 of its levels.

Inventory:

Armour
 a - a +0 robe (worn)
Potions
 b - a potion of lignification
 c - a potion of might {unknown}


   Skills:
 + Level 0.8 Fighting
 + Level 1.6 Dodging
 * Level 3.0 Unarmed Combat
 + Level 1.2 Spellcasting
 * Level 1.5 Transmutations
 + Level 0.1 Ice Magic


You had one spell level left.
You knew the following spells:

 Your Spells              Type           Power      Damage    Failure   Level
a - Beastly Appendage     Tmut           6%         N/A       21%         1

Your spell library contained the following spells:

 Spells                   Type           Power      Damage    Failure   Level
 Wereblood                Tmut           3%         N/A       30%         2
 Spider Form              Tmut/Pois      1%         N/A       63%         3
 Ice Form                 Ice/Tmut       2%         N/A       95%         4


Dungeon Overview and Level Annotations

Branches:
Dungeon (1/15)

Altars:


Innate Abilities, Weirdness & Mutations

You are too large for most types of armour.
You have claws for hands.
Your natural rate of healing is unusually fast.
You are covered in fur. (AC +1)
You have tough skin. (AC +1)


Message History

The goblin hits you with a +0 club. The endoplasm freezes you.
You are frozen.
You barely miss the endoplasm.
The endoplasm is heavily wounded.
The goblin hits you with a +0 club.
A hobgoblin comes into view.
The endoplasm freezes you.
You are frozen.
You completely miss the endoplasm.
The endoplasm is heavily wounded.
The goblin hits you but does no damage.
The endoplasm hits you but does no damage.
You scratch the endoplasm.
The endoplasm is severely wounded.
The goblin misses you. The endoplasm barely misses you.
You barely miss the endoplasm.
The endoplasm quivers.
Your claw misses the endoplasm.
The endoplasm is severely wounded.
The endoplasm hits you but does no damage.
The goblin barely misses you.
You scratch the endoplasm but do no damage.
The endoplasm is severely wounded.
The goblin hits you with a +0 club.
The endoplasm hits you but does no damage. x2
You completely miss the endoplasm.
The endoplasm is severely wounded.
The goblin misses you. The endoplasm barely misses you.
The endoplasm freezes you.
You are frozen.
You scratch the endoplasm.
You kill the endoplasm!
The bat hits you but does no damage. The endoplasm closely misses you.
The goblin hits you with a +0 club.
* * * LOW HITPOINT WARNING * * *
The endoplasm attacks as you move away! The endoplasm hits you.
* * * LOW HITPOINT WARNING * * *
The goblin attacks as you move away! The goblin hits you with a +0 club.
You die...

## .# .. #! # #. # #.#
r#.# #
##########.#?##g#.###.#
#.......##..#.@#......J
#.......##.#b##J#......
###.......##........###
..'.......++..........#
###.......##..........#
..†.......##.......#..#
###.########.......#..#
..#.#...# #.......# ...
>...#...# #.....†.#
...#


You could see an endoplasm, a quokka, a goblin and a bat.

Vanquished Creatures
  A ball python (D:1)
  An endoplasm (D:1)
  A quokka (D:1)
  A rat (D:1)
4 creatures vanquished.

Notes
Turn   | Place    | Note
-------+----------+-------------------------------------------
     0 | D:1      | happo123 the Troll Transmuter began the quest for the Orb.
     0 | D:1      | Reached XP level 1. HP: 18/18 MP: 1/1
   104 | D:1      | Slain by a goblin

Illustrated notes

Levels and vault maps discovered:
D:1:      wander_arrival_abandoned_jail, layout_basic,
          corexii_item_surrounded_by_moat, minmay_small_reverse_x

Action                   || total
-------------------------++-------
Melee: Unarmed           ||    17
 Cast: Beastly Appendage ||     1
Armor: Robe              ||    10
Dodge: Dodged            ||    12

Table legend: (Time is in decaauts)
 A = Elapsed time spent in this place.
 B = Non-inter-level travel time spent in this place.
 C = Inter-level travel time spent in this place.
 D = Time resting spent in this place.
 E = Time spent auto-exploring this place.
 F = Levels seen in this place.
 G = Mean time per level.
                   A        B        C        D        E       F      G
               +--------+--------+--------+--------+--------+-----+--------+
         Total |    103 |    100 |      3 |      0 |     70 |   1 |  103.0 |
       Dungeon |    103 |    100 |      3 |      0 |     70 |   1 |  103.0 |
               +--------+--------+--------+--------+--------+-----+--------+

Top non-repeatable levels by time:
     D:1: 103 daAuts
